 Dungeon Crawl Stone Soup version 0.30-a0-776-g08fbeb92c1 (webtiles) character file.

Game seed: 16775317349843851607

15194 DEFE the Basher (level 11, -14/71 (74) HPs)
             Began as a Demonspawn Wanderer on Feb 13, 2023.
             Was an Initiate of Gozag.
             Demolished by a minotaur
             ... wielding a +0 morningstar of protection
              (34 damage)
             ... in a Gauntlet.
             The game lasted 00:20:00 (11730 turns).

DEFE the Basher (Demonspawn Wanderer)              Turns: 11730, Time: 00:20:00

HP:   -14/71 (74)   AC: 18    Str: 19    XL:     11   Next: 98%
MP:   12/12         EV: 13    Int: 13    God:    Gozag
Gold: 398           SH:  0    Dex: 11    Spells: 11/12 levels left

rFire   + . .      SeeInvis .    O - +1 demon whip (venom)
rCold   . . .      Faith    .    (no shield)
rNeg    . . .      Spirit   .    F - +4 ring mail of Soft Rains {rF+ Regen+}
rPois   .          Reflect  .    (helmet restricted)
rElec   .          Harm     .    (no cloak)
rCorr   +          Rampage  .    P - +0 pair of gloves
Will    .....      NoTele   +    K - +0 pair of boots
Stlth   +                        (no amulet)
HPRegen 1.11/turn                e - ring of resist corrosion
MPRegen 0.13/turn                d - +4 ring of protection

@: mighty, brilliant, hasted, lightly drained, very quick
A: horns 1, demonic guardian 1, powered by death 1, sturdy frame 1
a: Renounce Religion, Potion Petition, Call Merchant, Bribe Branch


You were in a Gauntlet.
You worshipped Gozag.
Gozag was aware of your devotion.
You visited 3 branches of the dungeon, and saw 13 of its levels.
You also visited: Sewer and Gauntlet.

You collected 1682 gold pieces.
You paid 1284 gold pieces to Gozag.

Inventory:

Hand Weapons
 G - a +4 flail of freezing
 M - a +0 whip of electrocution
 O - a +1 demon whip of venom (weapon)
Missiles
 v - 7 boomerangs (quivered)
 w - 13 poisoned darts
 Q - a throwing net
Armour
 h - a +3 scale mail of fire resistance
 s - a +0 plate armour
 F - the +4 ring mail of Soft Rains (worn) {rF+ Regen+}
   (You found it on level 5 of the Dungeon)

   rF:        It protects you from fire.
   Regen:     It increases your rate of health regeneration.
 K - a +0 pair of boots (worn)
 P - a +0 pair of gloves (worn)
Jewellery
 d - a +4 ring of protection (right hand)
 e - a ring of resist corrosion (left hand)
 y - the ring "Hude Qisch" {Wiz *Corrode rF+ rN+ Str+5}
   (You found it in a Gauntlet)

   [ring of wizardry]

   It improves your spell success rate.
   Str:       It affects your strength (+5).
   rF:        It protects you from fire.
   rN:        It protects you from negative energy.
   *Corrode:  It may corrode you when you take damage.
 B - the ring "Biociot" {Wiz rN+ Int+3}
   (You found it in a Gauntlet)

   [ring of wizardry]

   It improves your spell success rate.
   Int:       It affects your intelligence (+3).
   rN:        It protects you from negative energy.
Wands
 a - a wand of paralysis (3)
 i - a wand of flame (10)
 x - a wand of digging (2)
 N - a wand of polymorph (10)
Scrolls
 k - 6 scrolls of magic mapping
 m - 2 scrolls of immolation
 n - 2 scrolls of fear
 p - 5 scrolls of teleportation
 q - 2 scrolls of amnesia
 u - 2 scrolls of enchant weapon
 z - a scroll of silence
 C - 3 scrolls of poison
 D - 3 scrolls of enchant armour
 E - 2 scrolls of noise
 I - a scroll of fog
Potions
 b - 2 potions of degeneration
 f - 2 potions of attraction
 g - a potion of cancellation {unknown}
 j - 5 potions of mutation
 l - a potion of invisibility {unknown}
 o - 2 potions of brilliance {unknown}
 r - 2 potions of flight
 t - a potion of lignification {unknown}
 A - 2 potions of heal wounds {unknown}
 J - 2 potions of might {unknown}
 L - 4 potions of curing
Miscellaneous
 c - a condenser vane (inert)


   Skills:
 - Level 2.8 Fighting
 * Level 10.8(11.3) Maces & Flails
 - Level 5.3(8.8) Staves
 - Level 2.5 Throwing
 - Level 10.0 Armour
 + Level 6.7 Dodging
 - Level 1.0 Spellcasting
 - Level 2.2 Ice Magic
 - Level 1.2 Invocations
 + Level 6.1 Evocations


You had 11 spell levels left.
You knew the following spells:

 Your Spells              Type           Power      Damage    Failure   Level
a - Freeze                Ice            36%        1d5       14%         1

Your spell library contained the following spells:

 Spells                   Type           Power      Damage    Failure   Level
 Magic Dart               Conj           0%         1d3       34%         1
 Summon Small Mammal      Summ           0%         N/A       34%         1
 Frozen Ramparts          Ice            18%        1d3       38%         3
 Ozocubu's Armour         Ice            9%         N/A       38%         3
 Searing Ray              Conj           0%         2d4       45%         2
 Call Canine Familiar     Summ           0%         N/A       71%         3
 Stone Arrow              Conj/Erth      0%         3d7       71%         3
 Summon Guardian Golem    Hex/Summ       0%         N/A       71%         3
 Ice Form                 Ice/Tmut       5%         N/A       91%         4
 Summon Ice Beast         Ice/Summ       5%         N/A       91%         4
 Airstrike                Air            0%         2d(0-16)  98%         4
 Animate Armour           Summ/Erth      0%         N/A       98%         4
 Fulminant Prism          Conj/Hex       0%         3d5       98%         4
 Leda's Liquefaction      Hex/Erth       0%         N/A       98%         4
 Summon Lightning Spire   Summ/Air       0%         N/A       98%         4
 Lee's Rapid Deconstruct  Erth           0%         3d4*      100%        5
 Lightning Bolt           Conj/Air       0%         1d11      100%        5
 Summon Forest            Summ/Tloc      0%         N/A       100%        5
 Eringya's Noxious Bog    Tmut/Pois      0%         N/A       100%        6
 Statue Form              Tmut/Erth      0%         N/A       100%        6
 Summon Hydra             Summ           0%         N/A       100%        7
 Lehudib's Crystal Spear  Conj/Erth      0%         10d2      100%        8


Dungeon Overview and Level Annotations

Branches:
Dungeon (11/15)            Temple (1/1) D:6            Lair (1/5) D:8
  Sewer (visited)         Gauntlet (1/1)
    Orc: D:9-12

Altars:
Ashenzari
Cheibriados
Dithmenos
Fedhas
Gozag
Hepliaklqana
Kikubaaqudgha
Makhleb
Nemelex Xobeh
Okawaru
Qazlal
Ru
Sif Muna
Trog
Uskayaw
Vehumet
Wu Jian
Xom
Yredelemnul

Shops:
D:6 (

Annotations:
D:9 1 runed translucent door
D:11 Lodul Gauntlet 8 transporters, exclusion: orange crystal statue


Innate Abilities, Weirdness & Mutations

You have a pair of small horns on your head.
A weak demonic guardian rushes to your aid.
You regenerate a little health from kills.
Your movements are slightly less encumbered by armour. (ER -2)


Message History

The minotaur hits you with a +0 morningstar of protection!!
* * * LOW HITPOINT WARNING * * *
The minotaur gores you but does no damage.
You take 27 damage, and have 7/71 hp.
MASSIVE DAMAGE!!
Unknown command.
Okay, then. [a] - 336 gold - invisibility and might [b] - 396 gold - heal wounds, curing and resistance [c] - 483 gold - might, brilliance, haste and heal wounds Purchase which effect?
You no longer have enough gold to petition Gozag for potion effects.
You no longer have enough gold to fund merchants seeking to open stores in the dungeon.
You feel very mighty all of a sudden.
You feel clever all of a sudden.
You feel yourself speed up.
You feel much better.
Your rust devil hits the minotaur!
The minotaur seems to be corroded for longer.
The minotaur hits you with a +0 morningstar of protection!
* * * LOW HITPOINT WARNING * * *
The minotaur gores you but does no damage.
You regained 11 hp, and now have 18/71 hp.
Unknown command.
You whack the minotaur!
The minotaur looks as sick as possible!
Your rust devil hits the minotaur!
The minotaur seems to be corroded for longer.
Unknown command.
Unknown command.
You strike the helpless minotaur from behind!
You whack the minotaur!
The minotaur looks as sick as possible!
You headbutt the minotaur.
Unknown command.
Unknown command.
You hit the minotaur.
The minotaur looks as sick as possible!
Your headbutt misses the minotaur.
Unknown command.
Unknown command.
You hit the minotaur. Your headbutt misses the minotaur.
The minotaur hits you with a +0 morningstar of protection!!
You die...
Your body crumbles into a pile of gold.

#.######.......
#.##....####.8....
.##....##..##≈......
...##.##...##...###
#.##.......#...#..
#....##.©8.#...###
######.##.##....#...#.)
#∩...H4##....©8.#.8.#©.
#@...##....#...#!#
#....##.##.©8.#...#.#
#....##.##.......#...#8.
..## #....##...##...###
..##.##..##≈......
#.##....####.8....
#....######....... ###
## #≈...#### ##...##p#


You could see a minotaur (extremely poisoned, corroded, ally target) and a
friendly rust devil (summoned).

Vanquished Creatures
  A hydra (D:9)
  2 boulder beetles
  A two-headed ogre (D:7)
  Urug (D:10)
  Nergalle (D:11)
  A fire crab (Gauntlet)
  Amaemon (D:8)
  Pikel (D:6)
  A cyclops (D:10)
  An orange demon (D:8)
  2 gargoyles (D:10)
  A cane toad (Lair:1)
  A komodo dragon (Lair:1)
  A troll (D:8)
  5 yaks (Lair:1)
  A shadow (D:10)
  3 fire bats (Gauntlet)
  Menkaure (D:7)
  An acid dragon (D:9)
  2 water moccasins
  2 hell hounds (Gauntlet)
  Pargi (Sewer)
  3 orc warriors
  An ice beast (D:6)
  A sky beast (D:7)
  3 ogres
  7 wolves
  2 black bears
  A centaur (D:6)
  2 lemures (D:7)
  A kobold brigand (D:10)
  5 bullfrogs
  2 scorpions
  2 gnoll sergeants (D:9)
  4 wights
  13 killer bees
  4 electric eels
  A vampire bat (D:3)
  8 howler monkeys (D:8)
  10 hounds
  3 gnoll boudas
  7 orc priests
  A jelly (D:6)
  3 scorpion zombies (D:4)
  5 iguanas
  11 orc wizards
  A hound skeleton (D:4)
  14 gnolls
  7 adders
  A white imp (D:7)
  2 ufetubi
  An adder zombie (D:4)
  An adder skeleton (D:4)
  2 worms
  3 dart slugs
  40 orcs
  11 ball pythons
  4 bats
  2 bat skeletons (D:3)
  3 bat zombies (D:3)
  4 endoplasms
  4 giant cockroaches
  11 goblins
  10 hobgoblins
  7 jackals (D:1)
  5 quokkas
  9 frilled lizards
  17 kobolds
  11 rats
302 creatures vanquished.

Vanquished Creatures (collateral kills)
  Snorg (D:11)
  A yak (Lair:1)
  A water moccasin (D:5)
  A wolf (Lair:1)
  A centaur (D:7)
  An ogre (D:11)
  A phantom (D:4)
  2 gnolls (D:4)
  An endoplasm (D:1)
10 creatures vanquished.

Vanquished Creatures (others)
  5 withered plants (Gauntlet)
5 creatures vanquished.

Grand Total: 317 creatures vanquished

Notes
Turn   | Place    | Note
-------+----------+-------------------------------------------
     0 | D:1      | DEFE the Demonspawn Wanderer began the quest for the Orb.
     0 | D:1      | DEFE set off with the following items: a +0 dagger, 7
                  | boomerangs, a condenser vane, a scroll of blinking, a +0
                  | leather armour; and the following spell memorised: Freeze;
                  | and the following spells available to memorise: Ozocubu's
                  | Armour.
     0 | D:1      | Reached XP level 1. HP: 15/15 MP: 2/2
    61 | D:1      | Gained mutation: A weak demonic guardian rushes to your
                  | aid. [demonic ancestry]
    61 | D:1      | Reached XP level 2. HP: 6/21 MP: 3/3
   196 | D:1      | Reached skill level 1 in Staves
   284 | D:1      | Reached XP level 3. HP: 27/27 MP: 4/4
  1103 | D:2      | Reached XP level 4. HP: 23/33 MP: 5/5
  2634 | D:3      | Found an ancient bone altar of Kikubaaqudgha.
  2656 | D:3      | Reached skill level 1 in Armour
  2656 | D:3      | Reached XP level 5. HP: 38/38 MP: 6/6
  3094 | D:3      | Gained mutation: You have a pair of small horns on your
                  | head. [demonic ancestry]
  3094 | D:3      | Reached XP level 6. HP: 36/44 MP: 7/7
  3194 | D:4      | Found a sacrificial altar of Ru.
  3204 | D:4      | Found a bloodstained altar of Trog.
  3229 | D:4      | Became a worshipper of Ru the Awakened
  3345 | D:4      | Reached skill level 5 in Staves
  3616 | D:4      | Gained mutation: You regenerate a little health from kills.
                  | [demonic ancestry]
  3616 | D:4      | Reached XP level 7. HP: 46/49 MP: 8/8
  3924 | D:4      | Found a hazy altar of Hepliaklqana.
  4163 | D:5      | Entered Level 5 of the Dungeon
  4252 | D:5      | Reached skill level 5 in Armour
  4456 | D:5      | Reached XP level 8. HP: 43/55 MP: 9/9
  4507 | D:5      | Identified the +4 ring mail of Soft Rains {rF+ Regen+}
  4853 | D:5      | Reached skill level 1 in Maces & Flails
  4982 | D:6      | Found the +7 staff of the Meek {protect, meekguard}
  5164 | D:6      | Found Rofugg's Antique Weapon Shop.
  5268 | D:6      | Found a glowing drain.
  5272 | Sewer    | Entered a sewer
  5305 | Sewer    | Noticed Pargi
  5319 | Sewer    | Killed Pargi
  5728 | D:6      | Found a staircase to the Ecumenical Temple.
  5741 | Temple   | Entered the Ecumenical Temple
  5751 | Temple   | Fell from the grace of Ru
  5751 | Temple   | Became a worshipper of Gozag Ym Sagoz the Greedy
  5797 | D:6      | Gained mutation: Your movements are slightly less
                  | encumbered by armour. (ER -2) [demonic ancestry]
  5797 | D:6      | Reached XP level 9. HP: 52/62 MP: 10/10
  6012 | D:6      | Reached skill level 5 in Maces & Flails
  6021 | D:6      | Reached skill level 1 in Dodging
  6685 | D:7      | Noticed Menkaure
  6699 | D:7      | Killed Menkaure
  6870 | D:7      | Noticed Pikel
  7071 | D:6      | Killed Pikel
  7246 | D:7      | Reached XP level 10. HP: 69/69 MP: 11/11
  7297 | D:7      | Found a shadowy altar of Dithmenos.
  7300 | D:7      | Noticed a two-headed ogre
  7403 | D:7      | Killed a two-headed ogre
  7598 | D:8      | Noticed Amaemon
  7653 | D:8      | Noticed an orange demon
  7653 | D:8      | Killed Amaemon
  7674 | D:8      | Killed an orange demon
  7757 | D:8      | Found a staircase to the Lair.
  7903 | D:8      | Identified the +0 helmet of Yxtur {rF+}
  8689 | D:9      | Found a sparkling altar of Nemelex Xobeh.
  8876 | D:9      | Identified the +0 scale mail "Michaono" {Drain rPois Str+2}
  8918 | D:9      | Reached skill level 5 in Dodging
  9183 | D:9      | Found a runed translucent door.
  9183 | D:9      | Noticed a four-headed hydra
  9184 | D:9      | Noticed a manticore
  9207 | D:10     | Entered Level 10 of the Dungeon
  9397 | D:10     | Noticed Urug
  9410 | D:10     | Killed Urug
  9411 | D:10     | Reached XP level 11. HP: 74/74 MP: 12/12
  9525 | D:10     | Noticed a boulder beetle
  9539 | D:10     | Killed a boulder beetle
 10090 | D:11     | Noticed Nergalle
 10109 | D:11     | Killed Nergalle
 10137 | D:11     | Noticed Lodul
 10530 | D:11     | Noticed Snorg
 10555 | D:11     | Killed Snorg
 10556 | D:11     | Reached skill level 5 in Evocations
 10828 | D:9      | Killed a four-headed hydra
 10829 | D:9      | Reached skill level 10 in Maces & Flails
 10948 | Lair:1   | Entered Level 1 of the Lair of Beasts
 11187 | Lair:1   | Noticed a boulder beetle
 11209 | Lair:1   | Killed a boulder beetle
 11232 | Lair:1   | Found a gate leading to a gauntlet.
 11267 | Gauntlet | Entered a Gauntlet
 11267 | Gauntlet | Found a transporter.
 11271 | Gauntlet | Noticed a fire crab
 11276 | Gauntlet | Found a transporter.
 11280 | Gauntlet | Noticed a green ugly thing
 11281 | Gauntlet | Noticed a green ugly thing
 11296 | Gauntlet | Found a transporter.
 11300 | Gauntlet | Found a transporter.
 11300 | Gauntlet | Noticed a glowing orange brain
 11306 | Gauntlet | Found a transporter.
 11312 | Gauntlet | Noticed a thrashing horror
 11326 | Gauntlet | Found a transporter.
 11329 | Gauntlet | Found a transporter.
 11333 | Gauntlet | Found a transporter.
 11346 | Gauntlet | Noticed an orange crystal statue
 11354 | Gauntlet | Noticed a death yak
 11355 | Gauntlet | Noticed a death yak
 11356 | Gauntlet | Found a transporter.
 11356 | Gauntlet | Noticed a death yak
 11356 | Gauntlet | Noticed a necromancer
 11364 | Gauntlet | Found a transporter.
 11364 | Gauntlet | Found a transporter.
 11372 | Gauntlet | Found a transporter.
 11482 | Gauntlet | Killed a fire crab
 11483 | Gauntlet | Reached skill level 10 in Armour
 11560 | Gauntlet | Identified the ring "Hude Qisch" {Wiz *Corrode rF+ rN+
                  | Str+5}
 11581 | Gauntlet | Identified the ring "Biociot" {Wiz rN+ Int+3}
 11588 | Gauntlet | Noticed a necromancer
 11593 | Gauntlet | Noticed a skeletal warrior
 11606 | Gauntlet | Noticed a skeletal warrior
 11614 | Gauntlet | Noticed a skeletal warrior
 11623 | Gauntlet | Noticed a skeletal warrior
 11629 | Gauntlet | Noticed a necromancer
 11637 | Gauntlet | Noticed a necromancer
 11637 | Gauntlet | Noticed a skeletal warrior
 11650 | Gauntlet | Noticed a necromancer
 11717 | Gauntlet | Noticed a minotaur
 11730 | Gauntlet | Demolished by a minotaur

Illustrated notes

Levels and vault maps discovered:
D:1:      saegor_arrival_simple_b, layout_rooms
D:2:      layout_basic, minmay_between
D:3:      layout_loops_corners, kennysheep_vampire_church
D:4:      layout_cave_pools, nicolae_overflow_crystal_walls,
          mainiacjoe_overflow_large_starburst, serial_undead, serial_undead_c,
          serial_undead_c, serial_undead_c, serial_undead_f
D:5:      layout_basic, kennysheep_generic_room_9
D:6:      layout_cave_pools, minmay_temple_entry_proselytizer, serial_shops,
          nicolae_shop_statue_plus, gup_sewer_entry_bowl, wad_rectangle_vault
D:7:      layout_basic, grunt_dithmenos_smoke_and_mirrors,
          grunt_decor_mini_mirrors, kennysheep_generic_room_8, uniq_menkaure,
          uniq_pikel
D:8:      layout_gridville, erik_lair_island, uniq_amaemon
D:9:      layout_gridville, old_standard_altar, general_overflow_altar,
          minivault_14, dreamdust_mushroom_princess, minivault_13
D:10:     layout_loops_cross, lightli_minifort, uniq_urug
D:11:     layout_stronghold, uniq_nergalle, uniq_maurice, uniq_snorg, uniq_lodul
Temple:   nicolae_temple_no_exploring_needed
Lair:1:   layout_gridlike, gauntlet_entry_generic, uniq_maggie
Gauntlet: minmay_gauntlet_mixed_oops_all_seconds
          [minmay_gauntlet_arena_77_chump_sandwich, nicolae_gauntlet_swirl,
          minmay_gauntlet_arena_77_two_lines, gammafunk_gauntlet_arena_mazey,
          minmay_gauntlet_arena_77_squiggly, nicolae_gauntlet_arena_t_cross,
          gauntlet_exit_green]

Skill      XL: |  1  2  3  4  5  6  7  8  9 10 11 |
---------------+----------------------------------+-----
Ice Magic      | 2 |  2.2
Staves         | 1 2 3 4 5 |  5.3
Armour         | 1 3 5 7 8 9 10 | 10.0
Fighting       | 2 |  2.8
Maces & Flails | 4 7 9 10 | 10.8
Dodging        | 3 5 6 |  6.7
Throwing       | 2 |  2.5
Evocations     | 6 |  6.1
Spellcasting   | |  1.0
Invocations    | |  1.2

Action                     |  1- 3 |  4- 6 |  7- 9 | 10-12 || total
---------------------------+-------+-------+-------+-------++-------
  Melee: Dagger            |    31 |       |       |       ||    31
         Quarterstaff      |   102 |   240 |       |       ||   342
         Whip              |       |    18 |   155 |       ||   173
         Headbutt          |       |    17 |    73 |   103 ||   193
         Punch             |       |       |     4 |     5 ||     9
         Flail             |       |       |   254 |    36 ||   290
         Demon whip        |       |       |       |   429 ||   429
  Throw: Dart              |       |       |     6 |     5 ||    11
 Invoke: Reject Sacrifices |       |       |     1 |       ||     1
         Potion Petition   |       |       |     1 |     2 ||     3
  Evoke: Condenser vane    |     1 |       |     2 |     2 ||     5
         Wand              |       |       |       |    16 ||    16
    Use: Scroll            |       |       |    12 |     7 ||    19
         Potion            |       |       |     1 |     2 ||     3
   Stab: Confused          |       |       |     2 |       ||     2
         Distracted        |       |       |     1 |     6 ||     7
         Paralysed         |       |       |       |    32 ||    32
 Armour: Leather armour    |    30 |       |       |       ||    30
         Ring mail         |     9 |    16 |   151 |   228 ||   404
         Plate armour      |       |   252 |    68 |       ||   320
  Dodge: Dodged            |    90 |    86 |   214 |   306 ||   696

Table legend: (Time is in decaauts)
 A = Elapsed time spent in this place.
 B = Non-inter-level travel time spent in this place.
 C = Inter-level travel time spent in this place.
 D = Time resting spent in this place.
 E = Time spent auto-exploring this place.
 F = Levels seen in this place.
 G = Mean time per level.
                   A        B        C        D        E       F      G
               +--------+--------+--------+--------+--------+-----+--------+
         Total |  11658 |  11111 |    547 |   2272 |   6070 |  15 |  777.2 |
       Dungeon |  10731 |  10191 |    540 |   2136 |   5690 |  11 |  975.5 |
        Temple |     18 |     11 |      7 |      0 |      0 |   1 |   18.0 |
          Lair |    282 |    282 |      0 |     48 |    141 |   1 |  282.0 |
         Sewer |    198 |    198 |      0 |      0 |     99 |   1 |  198.0 |
      Gauntlet |    427 |    427 |      0 |     88 |    140 |   1 |  427.0 |
               +--------+--------+--------+--------+--------+-----+--------+

Top non-repeatable levels by time:
     D:3: 1430 daAuts
     D:7: 1221 daAuts
     D:4: 1107 daAuts
     D:8: 1078 daAuts
     D:6: 1077 daAuts
     D:5: 976 daAuts
    D:10: 974 daAuts
     D:1: 941 daAuts
     D:2: 731 daAuts
    D:11: 601 daAuts
     D:9: 590 daAuts
Gauntlet: 427 daAuts
  Lair:1: 282 daAuts
   Sewer: 198 daAuts
  Temple: 18 daAuts
